Workbook

Sheet Planilha Orç - Mem. de Cálculo
A2: A N E X O I
A4: PLANILHA ORÇAMENTÁRIA COM MEMORIA DE CÁLCULO
A6: PREFEITURA: MUNICÍPIO DE CRISTAIS/MG.
A7: OBRA: REVITALIZAÇÃO E AMPLIAÇÃO DA PRAÇA DOS COQUEIROS.
A8: LOCAL: COMUNIDADE DOS COQUEIROS, ZONA RURAL, CRISTAIS/MG. | G8: FORMA DE EXECUÇÃO: | I8: FOLHA Nº: 01
A9: REGIÃO/MÊS DE REFERÊNCIA: SETOP (05/2025 10/2025 - DESONERADO) / SINAPI (11/2025 - DESONERADO) | G9: INDIRETA | I9: DATA: 05/02/2026
A10: PRAZO DE EXECUÇÃO: 5 MESES. | I10: BDI | J10: 0.2634
A12: ITEM | B12: CÓDIGO | C12: FONTE | D12: DESCRIÇÃO | E12: MEMÓRIA DE CALCULO | F12: UNID. | G12: QUANT. | H12: PREÇO UNIT. S/ BDI | I12: PREÇO UNIT. C/ BDI | J12: PREÇO TOTAL
A13: 1 | D13: CANTEIRO DE OBRAS | J13: =SUM(J14:J16) -> 8380.21
A14: 1.1 | B14: ED-16660 | C14: SETOP | D14: FORNECIMENTO E COLOCAÇÃO DE PLACA DE OBRA EM CHAPA GALVANIZADA #26, ESP. 0,45 MM, PLOTADA COM ADESIVO VINÍLICO, AFIXADA COM REBITES 4,8X40 MM, EM ESTRUTURA METÁLICA DE METALON 20X20 MM, ESP. 1,25 MM, INCLUSIVE SUPORTE EM EUCALIPTO AUTOCLAVADO PINTADO COM TINTA PVA DUAS (2) DEMÃOS | E14: PLACA DE OBRA (1,50*2,00) | F14: M2 | G14: 3 | H14: 258.28 | I14: =ROUND(H14+(H14*$J$10),2) -> 326.31 | J14: =ROUND((I14*G14),4) -> 978.93
A15: 1.2 | B15: ED-50389 | C15: SETOP | D15: MOBILIZAÇÃO E DESMOBILIZAÇÃO OBRA DISTANTE DE CENTRO URBANO COM VALOR ATÉ 1.000.000,00 | E15: 2% VALOR TOTAL > R$ 164.108,57 + 2% | F15: % | G15: 1 | H15: 3282.1714 | I15: =ROUND(H15+(H15*$J$10),2) -> 4146.7 | J15: =ROUND((I15*G15),4) -> 4146.7 | K15: 164108.57
A16: 1.3 | B16: ED-16350 | C16: SETOP | D16: LOCAÇÃO DE CONTAINER COM ISOLAMENTO TÉRMICO, TIPO 3, PARA DEPÓSITO/FERRAMENTARIA DE OBRA, COM MEDIDAS REFERENCIAIS DE (6) METROS COMPRIMENTO, (2,3) METROS LARGURA E (2,5) METROS ALTURA ÚTIL INTERNA, INCLUSIVE LIGAÇÕES ELÉTRICAS INTERNAS, EXCLUSIVE MOBILIZAÇÃO/ DESMOBILIZAÇÃO E LIGAÇÕES PROVISÓRIAS EXTERNAS | E16: 5 MESES | F16: MÊS | G16: 3 | H16: 858.68 | I16: =ROUND(H16+(H16*$J$10),2) -> 1084.86 | J16: =ROUND((I16*G16),4) -> 3254.58
A17: 2 | D17: DEMOLIÇÕES/REMOÇÕES | J17: =SUM(J18:J19) -> 2117.197
A18: 2.1 | B18: ED-50703 | C18: SETOP | D18: LIMPEZA DE TERRENO, INCLUSIVE CAPINA, RASTELAMENTO COM AFASTAMENTO ATÉ VINTE (20) METROS E QUEIMA CONTROLADA | E18: 506,90 M2 | F18: M2 | G18: 506.9 | H18: 2.48 | I18: =ROUND(H18+(H18*$J$10),2) -> 3.13 | J18: =ROUND((I18*G18),4) -> 1586.597
A19: 2.2 | B19: ED-51125 | C19: SETOP | D19: TRANSPORTE DE MATERIAL DEMOLIDO EM CAÇAMBA, EXCLUSIVE CARGA MANUAL OU | E19: 7,00 M3 | F19: M3 | G19: 7 | H19: 60 | I19: =ROUND(H19+(H19*$J$10),2) -> 75.8 | J19: =ROUND((I19*G19),4) -> 530.6
A20: 3 | D20: MOVIMENTO DE TERRA | J20: =SUM(J21:J22) -> 12732.9
A21: 3.1 | B21: ED-51110 | C21: SETOP | D21: ESCAVAÇÃO MANUAL DE TERRA (DESATERRO MANUAL), INCLUSIVE DESCARGA LATERAL, EXCLUSIVE RETIRADA E TRANSPORTE DO MATERIAL ESCAVADO | E21: SAPATAS (11*(0,6*0,6*0,6)) + BALDRAME ((8,5+10,5)*0,2*0,2) + PILARETES (19*(0,6*0,2*0,2)) | F21: M3 | G21: 3.6 | H21: 41.84 | I21: =ROUND(H21+(H21*$J$10),2) -> 52.86 | J21: =ROUND((I21*G21),4) -> 190.296
A22: 3.2 | B22: ED-51121 | C22: SETOP | D22: REATERRO MANUAL DE VALA, INCLUSIVE ESPALHAMENTO E COMPACTAÇÃO MECANIZADA COM PLACA VIBRATÓRIA | E22: (12,6*17,21) | F22: M3 | G22: 216.85 | H22: 45.78 | I22: =ROUND(H22+(H22*$J$10),2) -> 57.84 | J22: =ROUND((I22*G22),4) -> 12542.604
A23: 4 | D23: ESTRUTURAL | J23: =SUM(J24:J29) -> 20568.717
A24: 4.1 | B24: ED-8457 | C24: SETOP | D24: FÔRMA E DESFORMA DE MADEIRA PARA ESTRUTURA EM CURVA COM TÁBUA, SARRAFO E COMPENSADO RESINADO NAVAL, ESP. 6MM, REAPROVEITAMENTO (3X), EXCLUSIVE ESCORAMENTO | E24: PILARES (11*(1,25*2*0,2)) + VIGA (19*0,2*2) | F24: M2 | G24: =(11*(1.25*2*0.2)) + (19*0.2*2) -> 13.1 | H24: 122.66 | I24: =ROUND(H24+(H24*$J$10),2) -> 154.97 | J24: =ROUND((I24*G24),4) -> 2030.107
A25: 4.2 | B25: ED-48391 | C25: SETOP | D25: CINTA DE AMARRAÇÃO DE ALVENARIA COM BLOCO DE CONCRETO ESTRUTURAL, CANALETA TIPO "U", ESP. 14CM, (FBK 4,5MPA), COM ACABAMENTO APARENTE, INCLUSIVE ARGAMASSA PARA ASSENTAMENTO, EXCLUSIVE GRAUTE E ARMAÇÃO | E25: RESPALDO (17,00+21,00) | F25: M | G25: 38 | H25: 19.95 | I25: =ROUND(H25+(H25*$J$10),2) -> 25.2 | J25: =ROUND((I25*G25),4) -> 957.6
A26: 4.3 | B26: ED-50842 | C26: SETOP | D26: PILAR EM CONCRETO APARENTE 20 MPa, INCLUSIVE ARMAÇÃO, FÔRMA PLASTIFICADA E DESFORMA | E26: PILARETES ((10+9)*1,1*0,2*0,2) | F26: M3 | G26: 0.84 | H26: 3198.06 | I26: =ROUND(H26+(H26*$J$10),2) -> 4040.43 | J26: =ROUND((I26*G26),4) -> 3393.9612
A27: 4.4 | B27: ED-49787 | C27: SETOP | D27: FORNECIMENTO DE CONCRETO ESTRUTURAL, PREPARADO EM OBRA COM BETONEIRA, COM FCK 25MPA, INCLUSIVE LANÇAMENTO, ADENSAMENTO E ACABAMENTO (FUNDAÇÃO) | E27: SAPATAS (7*(0,6*0,6*0,6)) + (4*(0,6*0,6*0,4)) + BALDRAMES (17*0,2*0,2) + (21*0,2*0,2) + PILARES (11*(1,25*0,2*0,2)) | F27: M3 | G27: 4.16 | H27: 777.363 | I27: =ROUND(H27+(H27*$J$10),2) -> 982.12 | J27: =ROUND((I27*G27),4) -> 4085.6192
A28: 4.5 | B28: ED-48298 | C28: SETOP | D28: CORTE, DOBRA E MONTAGEM DE AÇO CA-50/60 | E28: SAPATAS (11*(12*1,2*0,395)) + ARRANQUES (11*(4*1,2*0,617)) + PILARES (11*(2,05*0,617*4)) + ESTRIBOS PILARES + (11*(14*0,154*0,78)) + BALDRAMES (38*0,395*4) + ESTRIBOS BALDRAME (254*0,154*0,78) + VIGA INTERMEDIARIA (38*0,617*4) + ESTRIBOS VIGA INTERMEDIARIA (254*0,154*0,78) + RESPALDO (38*1*0,395) | F28: KG | G28: 399.15 | H28: 13.36 | I28: =ROUND(H28+(H28*$J$10),2) -> 16.88 | J28: =ROUND((I28*G28),4) -> 6737.652
A29: 4.6 | B29: ED-50852 | C29: SETOP | D29: ESCADA SOBRE O SOLO DEGRAUS APROXIMADAMENTE 50 X 16,5 CM | E29: (1,95*7,40) | F29: M2 | G29: =(1.95*7.4) -> 14.43 | H29: 184.51 | I29: =ROUND(H29+(H29*$J$10),2) -> 233.11 | J29: =ROUND((I29*G29),4) -> 3363.7773
A30: 5 | D30: IMPERMEABILIZAÇÃO | J30: =SUM(J31:J31) -> 1617.261
A31: 5.1 | B31: 98557 | C31: SINAPI | D31: IMPERMEABILIZAÇÃO DE SUPERFÍCIE COM EMULSÃO ASFÁLTICA, 2 DEMÃOS AF_06/2018 (VIGAS) | E31: (15,75 + 12,75) + (19*0,2) | F31: M2 | G31: =(15.75 + 12.75) + (19*0.2) -> 32.3 | H31: 39.63 | I31: =ROUND(H31+(H31*$J$10),2) -> 50.07 | J31: =ROUND((I31*G31),4) -> 1617.261
A32: 6 | D32: ALVENARIA | J32: =SUM(J33:J33) -> 8041.56
A33: 6.1 | B33: ED-48213 | C33: SETOP | D33: ALVENARIA DE BLOCO DE CONCRETO CHEIO COM ARMAÇÃO, EM CONCRETO COM FCK 15MPA , ESP. 14CM, PARA REVESTIMENTO, INCLUSIVE ARGAMASSA PARA ASSENTAMENTO (DETALHE D - CADERNO SEDS) | E33: (15,75 + 12,75) | F33: M2 | G33: 28.5 | H33: 223.33 | I33: =ROUND(H33+(H33*$J$10),2) -> 282.16 | J33: =ROUND((I33*G33),4) -> 8041.56
A34: 7 | D34: REVESTIMENTOS - PISOS, PAREDES E TETOS | J34: =SUM(J36:J42) -> 80006.441
D35: PISOS
A36: 7.1 | B36: ED-50569 | C36: SETOP | D36: CONTRAPISO DESEMPENADO COM ARGAMASSA, TRAÇO 1:3 ( CIMENTO E AREIA), ESP. 30MM, INCLUSIVE ARGAMASSA COM PREPARO MECANIZADO | E36: PISO IGREJA (704-(199,92+25,86+48,32+25,89+4,4)) + ESCADA (7,40*3,00) | F36: M2 | G36: =(704-(199.92+25.86+48.32+25.89+4.4))+(7.4*3) -> 421.81 | H36: 63.03 | I36: =ROUND(H36+(H36*$J$10),2) -> 79.63 | J36: =ROUND((I36*G36),4) -> 33588.73
A37: 7.2 | B37: ED-50545 | C37: SETOP | D37: PISO CIMENTADO COM ARGAMASSA, TRAÇO 1:3 (CIMENTO E AREIA), ESP. 25MM, ACABAMENTO DESEMPENADO E FELTRADO, MODULAÇÃO DE (200X200)CM, INCLUSIVE JUNTA PLÁSTICA | E37: =E36 -> PISO IGREJA (704-(199,92+25,86+48,32+25,89+4,4)) + ESCADA (7,40*3,00) | F37: M2 | G37: =G36 -> 421.81 | H37: 57.94 | I37: =ROUND(H37+(H37*$J$10),2) -> 73.2 | J37: =ROUND((I37*G37),4) -> 30876.492
A38: 7.3 | B38: ED-50464 | C38: SETOP | D38: PINTURA COM RESINA ACRÍLICA EM PISOS CIMENTADOS, DUAS (2 ) DEMÃOS, COM APLICAÇÃO MANUAL, INCLUSIVE PREPARAÇÃO E LIMPEZA DA SUPERFÍCIE | E38: =E37 -> PISO IGREJA (704-(199,92+25,86+48,32+25,89+4,4)) + ESCADA (7,40*3,00) | F38: M2 | G38: =G37 -> 421.81 | H38: 13.38 | I38: =ROUND(H38+(H38*$J$10),2) -> 16.9 | J38: =ROUND((I38*G38),4) -> 7128.589
D39: PAREDES
A40: 7.4 | B40: ED-50731 | C40: SETOP | D40: CHAPISCO COM ARGAMASSA INDUSTRIALIZADA, ESP. 5MM, APLICADO EM ALVENARIA/ESTRUTURA DE CONCRETO COM DESEMPENADEIRA METÁLICA, PREPARO MECÂNICO | E40: =E33 -> (15,75 + 12,75) | F40: M2 | G40: =G33 -> 28.5 | H40: 16.6 | I40: =ROUND(H40+(H40*$J$10),2) -> 20.97 | J40: =ROUND((I40*G40),4) -> 597.645
A41: 7.5 | B41: ED-50732 | C41: SETOP | D41: EMBOÇO COM ARGAMASSA, TRAÇO 1:6 (CIMENTO E AREIA), ESP.20MM, APLICAÇÃO MANUAL, PREPARO MECÂNICO | E41: =E40 -> (15,75 + 12,75) | F41: M2 | G41: =G40 -> 28.5 | H41: 35.48 | I41: =ROUND(H41+(H41*$J$10),2) -> 44.83 | J41: =ROUND((I41*G41),4) -> 1277.655
A42: 7.6 | B42: ED-50756 | C42: SETOP | D42: REVESTIMENTO COM PEDRA SÃO TOMÉ APLICADO EM PAREDE ( 40X40CM), ESP. 2CM, ACABAMENTO NATURAL, ASSENTAMENTO COM ARGAMASSA INDUSTRIALIZADA, AMBIENTE INTERNO/ EXTERNO, ALTURA MÁXIMA DE 3M PARA APLICAÇÃO DA PEDRA, INCLUSIVE REJUNTAMENTO | E42: =E41 -> (15,75 + 12,75) | F42: M2 | G42: =G41 -> 28.5 | H42: 181.56 | I42: =ROUND(H42+(H42*$J$10),2) -> 229.38 | J42: =ROUND((I42*G42),4) -> 6537.33
A43: 8 | D43: DRENAGEM PLUVIAL | J43: =SUM(J44:J47) -> 2334.138
A44: 8.1 | B44: ED-5372 | C44: SETOP | D44: TUBO PERFURADO CORRUGADO EM PEAD PARA DRENAGEM, DN 160MM(6"), EXCLUSIVE ESCAVAÇÃO DE VALA E APLICAÇÃO DE MATERIAL DRENANTE | E44: TUBO CORRUGADO PERFURADO, DRENAGEM CANTEIROS > 21,00 + 17,00 | F44: M | G44: 38 | H44: 22.64 | I44: =ROUND(H44+(H44*$J$10),2) -> 28.6 | J44: =ROUND((I44*G44),4) -> 1086.8
A45: 8.2 | B45: ED-49813 | C45: SETOP | D45: LASTRO DE BRITA COM PEDRA BRITADA NÚMERO 2 E 3, INCLUSIVE ADENSAMENTO E APILOAMENTO MANUAL | E45: DRENAGEM DOS CANTEIROS ((21+17)*0,1) | F45: M3 | G45: =((21+17)*0.1) -> 3.8 | H45: 204.89 | I45: =ROUND(H45+(H45*$J$10),2) -> 258.86 | J45: =ROUND((I45*G45),4) -> 983.668
A46: 8.3 | B46: ED-48669 | C46: SETOP | D46: FORNECIMENTO E ASSENTAMENTO DE TUBO PVC RÍGIDO, DRENAGEM/PLUVIAL, PBV - SÉRIE NORMAL, DN 100 MM (4"), INCLUSIVE CONEXÕES | E46: DREANGEM DOS CANTEIROS, SAIDA EM CALÇADA (2*1,5) | F46: M | G46: 3 | H46: 35.73 | I46: =ROUND(H46+(H46*$J$10),2) -> 45.14 | J46: =ROUND((I46*G46),4) -> 135.42
A47: 8.4 | B47: ED-50600 | C47: SETOP | D47: APLICAÇÃO DE LONA PRETA, ESP. 150 MICRAS, INCLUSIVE FORNECIMENTO | E47: APLICAÇÃO ARRIMO CANTEIROS (38*0,75) | F47: M2 | G47: =(38*0.75) -> 28.5 | H47: 3.56 | I47: =ROUND(H47+(H47*$J$10),2) -> 4.5 | J47: =ROUND((I47*G47),4) -> 128.25
A48: 9 | D48: PONTOS HIDRÁULICOS E ACESSÓRIOS | J48: =SUM(J49:J50) -> 971.73
A49: 9.1 | B49: ED-50222 | C49: SETOP | D49: PONTO DE EMBUTIR PARA ÁGUA FRIA EM TUBO PVC RÍGIDO ROSCÁVEL, DN 1/2" (20MM), EMBUTIDO NA ALVENARIA COM DISTÂNCIA DE ATÉ CINCO (5) METROS DA TOMADA DE ÁGUA, INCLUSIVE CONEXÕES E FIXAÇÃO DO TUBO COM ENCHIMENTO DO RASGO NA ALVENARIA/CONCRETO COM ARGAMASSA | E49: 3 UNIDADES | F49: UN | G49: 3 | H49: 191.65 | I49: =ROUND(H49+(H49*$J$10),2) -> 242.13 | J49: =ROUND((I49*G49),4) -> 726.39
A50: 9.2 | B50: ED-50323 | C50: SETOP | D50: TORNEIRA METÁLICA PARA IRRIGAÇÃO/JARDIM, ACABAMENTO CROMADO, APLICAÇÃO DE PAREDE, INCLUSIVE FORNECIMENTO E INSTALAÇÃO | E50: 3 UNIDADES | F50: UN | G50: 3 | H50: 64.73 | I50: =ROUND(H50+(H50*$J$10),2) -> 81.78 | J50: =ROUND((I50*G50),4) -> 245.34
A51: 10 | D51: INSTALAÇÕES ELÉTRICAS | J51: =SUM(J52:J57) -> 21830.9
A52: 10.1 | B52: COMP001 | C52: COMPOSIÇÃO | D52: PONTO DE ALIMENTAÇÃO PARA POSTE METÁLICO DE ILUMINAÇÃO PÚBLICA, COM CABO DE COBRE ISOLADO 2,5 MM², ELETRODUTO DE PVC RÍGIDO DN25 MM, EMBUTIDO OU SUBTERRÂNEO, INCLUSIVE CAIXA DE PASSAGEM, BORNES E CONEXÕES, EXCLUSIVO LUMINÁRIA | E52: 10 UNIDADES | F52: UNID. | G52: 10 | H52: 499.86 | I52: =ROUND(H52+(H52*$J$10),2) -> 631.52 | J52: =ROUND((I52*G52),4) -> 6315.2
A53: 10.2 | B53: ED-20580 | C53: SETOP | D53: ENTRADA DE ENERGIA AÉREA, TIPO B2, PADRÃO CEMIG, CARGA INSTALADA DE 10,1KW ATÉ 15KW, BIFÁSICO, COM SAÍDA SUBTERRÂNEA, INCLUSIVE POSTE, CAIXA PARA MEDIDOR, DISJUNTOR, BARRAMENTO, ATERRAMENTO E ACESSÓRIOS | E53: 1 UNIDADE | F53: UNID. | G53: 1 | H53: 2428.83 | I53: =ROUND(H53+(H53*$J$10),2) -> 3068.58 | J53: =ROUND((I53*G53),4) -> 3068.58
A54: 10.3 | B54: ED-34480 | C54: SETOP | D54: DISJUNTOR BIPOLAR TIPO DIN, CORRENTE NOMINAL DE 63A, FORNECIMENTO E INSTALAÇÃO, INCLUSIVE TERMINAL ILHÓS | E54: 1 UNIDADE | F54: UNID. | G54: 1 | H54: 50.2 | I54: =ROUND(H54+(H54*$J$10),2) -> 63.42 | J54: =ROUND((I54*G54),4) -> 63.42
A55: 10.4 | B55: 100619 | C55: SINAPI | D55: POSTE DECORATIVO PARA JARDIM EM AÇO TUBULAR, H = *2,5* M, SEM LUMINÁRIA - FORNECIMENTO E INSTALAÇÃO. AF_11/2019 | E55: 10 UNIDADES | F55: UNID | G55: 10 | H55: 581.24 | I55: =ROUND(H55+(H55*$J$10),2) -> 734.34 | J55: =ROUND((I55*G55),4) -> 7343.4
A56: 10.5 | B56: 101654 | C56: SINAPI | D56: LUMINÁRIA DE LED PARA ILUMINAÇÃO PÚBLICA, DE 33 W ATÉ 50 W -FORNECIMENTO E INSTALAÇÃO. AF_08/2020 | E56: 2 LUMINARIAS POR POSTE, 20 UNIDADES | F56: UNID | G56: 20 | H56: 197.69 | I56: =ROUND(H56+(H56*$J$10),2) -> 249.76 | J56: =ROUND((I56*G56),4) -> 4995.2
A57: 10.6 | B57: 101632 | C57: SINAPI | D57: RELÉ FOTOELÉTRICO PARA COMANDO DE ILUMINAÇÃO EXTERNA 1000W - FORNECIMENTO E INSTALAÇÃO. AF_08/2020 | E57: 1 UNIDADE | F57: UNID | G57: 1 | H57: 35.7 | I57: =ROUND(H57+(H57*$J$10),2) -> 45.1 | J57: =ROUND((I57*G57),4) -> 45.1
A58: 11 | D58: PAISAGISMO | J58: =SUM(J59:J61) -> 9654.2184
A59: 11.1 | B59: ED-51122 | C59: SETOP | D59: REGULARIZAÇÃO E COMPACTAÇÃO DE TERRENO MANUAL COM SOQUETE, EXCLUSIVE DESMATAMENTO, DESTOCAMENTO, LIMPEZA/ROÇADA DO TERRENO | E59: ÁREA TOTAL DOS CANTEIROS 91,68 M2 | F59: M2 | G59: 91.68 | H59: 10.28 | I59: =ROUND(H59+(H59*$J$10),2) -> 12.99 | J59: =ROUND((I59*G59),4) -> 1190.9232
A60: 11.2 | B60: 98516 | C60: SINAPI | D60: PLANTIO DE PALMEIRA COM ALTURA DE MUDA MENOR OU IGUAL A 2,00 M . AF_07/2024 | E60: CONFORME PROJETO, 10 UNIDADES | F60: UNID. | G60: 10 | H60: 345.95 | I60: =ROUND(H60+(H60*$J$10),2) -> 437.07 | J60: =ROUND((I60*G60),4) -> 4370.7
A61: 11.3 | B61: ED-50437 | C61: SETOP | D61: PLANTIO DE GRAMA ESMERALDA EM PLACAS, INCLUSIVE TERRA VEGETAL E CONSERVAÇÃO POR TRINTA (30) DIAS | E61: =E59 -> ÁREA TOTAL DOS CANTEIROS 91,68 M2 | F61: M2 | G61: 91.68 | H61: 35.33 | I61: =ROUND(H61+(H61*$J$10),2) -> 44.64 | J61: =ROUND((I61*G61),4) -> 4092.5952
A63: TOTAL GERAL DA OBRA : | J63: =SUM(J58+J51+J48+J43+J34+J32+J30+J23+J20+J17+J13) -> 168255.27
B68: Departamento de Engenharia Municipal | F68: Assinatura do Prefeito

Sheet Cronograma Físico - Financeiro
A3: A N E X O I I
A5: CRONOGRAMA FÍSICO-FINANCEIRO
A6: PREFEITURA: MUNICÍPIO DE CRISTAIS/MG. | C6: VALOR DO CONVÊNIO: | E6: =SUM(E32+N32+Q32+H32+K32) -> 168255.27 | Q6: DATA: 05/02/2026
A7: OBRA: REVITALIZAÇÃO E AMPLIAÇÃO DA PRAÇA DOS COQUEIROS. | C7: LOCAL: COMUNIDADE DOS COQUEIROS, ZONA RURAL, CRISTAIS/MG. | Q7: PRAZO: 5 MESES.
A8: ITEM | B8: ETAPAS/DESCRIÇÃO | C8: FÍSICO/ FINANCEIRO | D8: TOTAL ETAPAS | E8: MÊS 1 | H8: MÊS 2 | K8: MÊS 3 | N8: MÊS 4 | Q8: MÊS 5
A9: 1 | B9: CANTEIRO DE OBRAS | C9: Físico % | D9: =SUM((D10*100)/D32)/100 -> 0.049806522 | E9: 0.64 | H9: 0.18 | K9: 0.06 | N9: 0.06 | Q9: 0.06
C10: Financeiro | D10: ='Planilha Orç - Mem. de Cálculo'!J13 -> 8380.21 | E10: =D10*E9 -> 5363.3344 | H10: =SUM(D10*H9) -> 1508.4378 | K10: =D10*K9 -> 502.8126 | N10: =D10*N9 -> 502.8126 | Q10: =D10*Q9 -> 502.8126
A11: 2 | B11: ='Planilha Orç - Mem. de Cálculo'!D17 -> DEMOLIÇÕES/REMOÇÕES | C11: Físico % | D11: =SUM((D12*100)/D32)/100 -> 0.012583243 | E11: 0.5 | H11: 0.5
C12: Financeiro | D12: ='Planilha Orç - Mem. de Cálculo'!J17 -> 2117.197 | E12: =D12*E11 -> 1058.5985 | H12: =D12*H11 -> 1058.5985
A13: 3 | B13: ='Planilha Orç - Mem. de Cálculo'!D20 -> MOVIMENTO DE TERRA | C13: Físico % | D13: =SUM((D14*100)/D32)/100 -> 0.075676083 | E13: 0.8 | H13: 0.2
C14: Financeiro | D14: ='Planilha Orç - Mem. de Cálculo'!J20 -> 12732.9 | E14: =D14*E13 -> 10186.32 | H14: =D14*H13 -> 2546.58
A15: 4 | B15: ='Planilha Orç - Mem. de Cálculo'!D23 -> ESTRUTURAL | C15: Físico % | D15: =SUM((D16*100)/D32)/100 -> 0.12224709 | H15: 0.5 | K15: 0.5
C16: Financeiro | D16: ='Planilha Orç - Mem. de Cálculo'!J23 -> 20568.717 | H16: =D16*H15 -> 10284.358 | K16: =D16*K15 -> 10284.358
A17: 5 | B17: ='Planilha Orç - Mem. de Cálculo'!D30 -> IMPERMEABILIZAÇÃO | C17: Físico % | D17: =SUM((D18*100)/D32)/100 -> 0.0096119484 | K17: 1
C18: Financeiro | D18: ='Planilha Orç - Mem. de Cálculo'!J30 -> 1617.261 | K18: =D18*K17 -> 1617.261
A19: 6 | B19: ='Planilha Orç - Mem. de Cálculo'!D32 -> ALVENARIA | C19: Físico % | D19: =SUM((D20*100)/D32)/100 -> 0.047793807 | K19: 1
C20: Financeiro | D20: ='Planilha Orç - Mem. de Cálculo'!J32 -> 8041.56 | K20: =K19*D20 -> 8041.56
A21: 7 | B21: ='Planilha Orç - Mem. de Cálculo'!D34 -> REVESTIMENTOS - PISOS, PAREDES E TETOS | C21: Físico % | D21: =SUM((D22*100)/D32)/100 -> 0.4755063 | N21: 0.5 | Q21: 0.5
C22: Financeiro | D22: ='Planilha Orç - Mem. de Cálculo'!J34 -> 80006.441 | N22: =D22*N21 -> 40003.221 | Q22: =D22*Q21 -> 40003.221
A23: 8 | B23: ='Planilha Orç - Mem. de Cálculo'!D43 -> DRENAGEM PLUVIAL | C23: Físico % | D23: =SUM((D24*100)/$D$32)/100 -> 0.013872599 | Q23: 1
C24: Financeiro | D24: ='Planilha Orç - Mem. de Cálculo'!J43 -> 2334.138 | Q24: =D24*Q23 -> 2334.138
A25: 9 | B25: ='Planilha Orç - Mem. de Cálculo'!D48 -> PONTOS HIDRÁULICOS E ACESSÓRIOS | C25: Físico % | D25: =SUM((D26*100)/$D$32)/100 -> 0.0057753317 | K25: 1
C26: Financeiro | D26: ='Planilha Orç - Mem. de Cálculo'!J48 -> 971.73 | K26: =D26*K25 -> 971.73
A27: 10 | B27: ='Planilha Orç - Mem. de Cálculo'!D51 -> INSTALAÇÕES ELÉTRICAS | C27: Físico % | D27: =SUM((D28*100)/D32)/100 -> 0.12974868 | H27: 0.2 | K27: 0.4 | N27: 0.4
C28: Financeiro | D28: ='Planilha Orç - Mem. de Cálculo'!J51 -> 21830.9 | H28: =D28*H27 -> 4366.18 | K28: =D28*K27 -> 8732.36 | N28: =D28*N27 -> 8732.36
A29: 11 | B29: ='Planilha Orç - Mem. de Cálculo'!D58 -> PAISAGISMO | C29: Físico % | D29: =SUM((D30*100)/$D$32)/100 -> 0.0573784 | Q29: 1
C30: Financeiro | D30: ='Planilha Orç - Mem. de Cálculo'!J58 -> 9654.2184 | Q30: =D30*Q29 -> 9654.2184
A31: TOTAL | C31: Físico % | D31: =SUM(D9+D11+D13+D15+D17+D19+D21+D27+D29+D25) -> 0.9861274 | E31: =SUM((E32*100)/D32)/100 -> 0.098708663 | H31: =SUM((H32*100)/D32)/100 -> 0.11746529 | K31: =SUM((K32*100)/D32)/100 -> 0.17919249 | N31: =SUM((N32*100)/D32)/100 -> 0.29264101 | Q31: =SUM((Q32*100)/D32)/100 -> 0.31199254 | U31: =SUM(Q31+#REF!+#REF!+#REF!+#REF!+N31+F31+E31) -> #REF!
C32: Financeiro | D32: =SUM(D30+D28+D26+D24+D22+D20+D18+D16+D14+D12+D10) -> 168255.27 | E32: =SUM(E30+E28+E26+E22+E20+E18+E16+E14+E12+E10) -> 16608.253 | H32: =SUM(H30+H28+H26+H22+H20+H18+H16+H14+H12+H10) -> 19764.155 | K32: =SUM(K30+K28+K26+K22+K20+K18+K16+K14+K12+K10) -> 30150.082 | N32: =SUM(N30+N28+N26+N22+N20+N18+N16+N14+N12+N10+N24) -> 49238.393 | Q32: =SUM(Q30+Q28+Q26+Q22+Q20+Q18+Q16+Q14+Q12+Q10+Q24) -> 52494.39
B35: Departamento de Engenharia Municipal | L35: Carimbo e Assinatura do Prefeito

Sheet BDI
A1: QUADRO DE COMPOSIÇÃO DO BDI
A4: ESTADO | C4: PROPONENTE / TOMADOR
A5: MINAS GERAIS | C5: MUNICÍPIO DE CRISTAIS/MG
A7: OBJETO
A8: REVITALIZAÇÃO E AMPLIAÇÃO DA PRAÇA DOS COQUEIROS.
A10: TIPO DE OBRA DO EMPREENDIMENTO | I10: DESONERAÇÃO
A11: Construção e Reforma de Edifícios | I11: Sim
A13: Conforme legislação tributária municipal, definir estimativa de percentual da base de cálculo para o ISS: | I13: 0.5
A14: Sobre a base de cálculo, definir a respectiva alíquota do ISS (entre 2% e 5%): | I14: 0.03
A16: Itens | E16: Siglas | F16: % Adotado | G16: Situação | H16: 1º Quartil | I16: Médio | J16: 3º Quartil
A18: Administração Central | E18: AC | F18: 0.03 | G18: - | H18: 0.03 | I18: 0.04 | J18: 0.055
A19: Seguro e Garantia | E19: SG | F19: 0.008 | G19: - | H19: 0.008 | I19: 0.008 | J19: 0.01
A20: Risco | E20: R | F20: 0.0097 | G20: - | H20: 0.0097 | I20: 0.0127 | J20: 0.0127
A21: Despesas Financeiras | E21: DF | F21: 0.0059 | G21: - | H21: 0.0059 | I21: 0.0123 | J21: 0.0139
A22: Lucro | E22: L | F22: 0.0831 | G22: - | H22: 0.0616 | I22: 0.074 | J22: 0.0896
A23: Tributos (impostos COFINS 3%, e PIS 0,65%) | E23: CP | F23: 0.0365 | G23: - | H23: 0.0365 | I23: 0.0365 | J23: 0.0365
A24: Tributos (ISS, variável de acordo com o município) | E24: ISS | F24: 0.015 | G24: - | H24: 0 | I24: 0.025 | J24: 0.05
A25: Tributos (Contribuição Previdenciária sobre a Receita Bruta - 0% ou 4,5% - Desoneração) | E25: CPRB | F25: 0.045 | G25: OK | H25: 0 | I25: 0.045 | J25: 0.045
A26: BDI SEM desoneração (Fórmula Acórdão TCU) | E26: BDI PAD | F26: 0.2034 | G26: OK | H26: 0.2034 | I26: 0.2212 | J26: 0.25
A27: BDI COM desoneração (Fórmula Acórdão TCU) | E27: BDI DES | F27: 0.2634 | G27: OK
A30: Os valores de BDI foram calculados com o emprego da fórmula:
D31: BDI.DES = | E31: (1+AC + S + R + G)*(1 + DF)*(1+L) | H31: - 1
E32: (1-CP-ISS-CRPB)
A34: Declaro para os devidos fins que, conforme legislação tributária municipal, a base de cálculo para Construção e Reforma de Edifícios, é de 50%, com a respectiva alíquota de 3,00 %.
A36: Declaro para os devidos fins que o regime de Contribuição Previdenciária sobre a Receita Bruta adotado para elaboração do orçamento foi COM Desoneração, e que esta é a alternativa mais adequada para a Administração Pública.
A38: Observações:
A41: Cristais | G41: 46058
A42: Local | G42: Data
A45: Responsável Técnico | G45: Responsável Tomador
A46: Nome: | B46: Bruno Alves Lara Silva | G46: Nome: | H46: Célio Elias Pires
A47: Título: | B47: Engenheiro Civil | G47: Cargo: | H47: Prefeito Municipal de Cristais
A48: CREA: | B48: CREA-MG 142018256-0
